 Dungeon Crawl Stone Soup version 0.29-a0-359-g541a27f54d (webtiles) character file.

Game seed: 152135791107038761

119 lucidbluej the Chopper (level 4, -3/43 HPs)
             Began as a Deep Dwarf Berserker on Apr 27, 2022.
             Was a Believer of Trog.
             Splashed by a jelly's acid (4 damage)
             ... on level 5 of the Dungeon.
             The game lasted 00:07:56 (745 turns).

lucidbluej the Chopper (Deep Dwarf Berserker)        Turns: 745, Time: 00:07:56

Health: -3/43      AC:  2    Str: 22    XL:     4   Next: 74%
Magic:  0/4        EV: 12    Int:  8    God:    Trog [**....]
Gold:   96         SH:  0    Dex: 12    Spells: 3/3 levels left

rFire   . . .      SeeInvis .   a - +0 hand axe
rCold   . . .      Faith    .   (no shield)
rNeg    . . .      Spirit   +   b - +0 animal skin
rPois   .          Reflect  .   (no helmet)
rElec   .          Harm     .   (no cloak)
rCorr   .          Rampage  .   (no gloves)
Will    .....                   (no boots)
Stlth   +.........              g - amulet of guardian spirit
HPRegen 0.00/turn               (no ring)
MPRegen 0.09/turn               (no ring)

@: lethally poisoned (-3 -> -3)
A: damage resistance, heal wounds, sense surroundings 1, no regeneration
a: Heal Wounds, Renounce Religion, Berserk, Trog's Hand


You were on level 5 of the Dungeon.
You worshipped Trog.
Trog was pleased with you.
You visited 1 branch of the dungeon, and saw 5 of its levels.

You collected 96 gold pieces.

Inventory:

Hand Weapons
 a - a +0 hand axe (weapon)
 d - a +0 club
 f - a +0 club
 i - a +0 short sword
 j - a +0 club
 k - a +0 flail
 l - a +0 club
 m - a +0 hunting sling
 p - a +0 hand axe
Missiles
 c - 3 poisoned darts (quivered)
 r - 4 stones
Armour
 b - a +0 animal skin (worn)
 e - a +0 leather armour
 h - a +0 scale mail
 n - a +0 leather armour
 q - a +0 animal skin
Jewellery
 g - an amulet of guardian spirit (around neck)
Scrolls
 o - a scroll of teleportation


   Skills:
 + Level 3.6 Fighting
 + Level 4.6 Axes
 + Level 2.5 Armour
 + Level 2.8 Dodging
 + Level 0.8 Stealth


You had 3 spell levels left.
You didn't know any spells.
Your spell library contained the following spells:

 Spells                   Type           Power      Damage    Failure   Level
 Ignite Poison            Fire/Tmut/Pois 0%         N/A       78%         3
 Mephitic Cloud           Conj/Pois/Air  0%         N/A       78%         3
 Freezing Cloud           Conj/Ice/Air   0%         6-21      100%        5


Dungeon Overview and Level Annotations

Branches:
Dungeon (5/15)
 Temple: D:4-7

Altars:
Trog


Innate Abilities, Weirdness & Mutations

You are resistant to damage.
You can heal yourself by infusing magical energy.
You passively map a small area around you.
You do not regenerate.


Message History

There is a shaft here.
There is a bloodstained altar of Trog here.
There are no items here.
You open the door.
There is an open door here.
A rat and 2 quokkas come into view.
There is an open door here.
Found 4 stones.
A scorpion comes into view.
Found a stone staircase leading up.
A jelly comes into view.
The jelly quivers.
You see here 4 stones.
r - 4 stones
Found a viscous silvery potion.
The scorpion attacks as you move away! The scorpion completely misses you.
The jelly misses you.
You hit the scorpion but do no damage. You hit the jelly.
Your hands burn!
The scorpion stings you.
* * * LOW HITPOINT WARNING * * *
You are poisoned.
The scorpion poisons you! The jelly barely misses you.
You barely miss the scorpion. You hit the jelly but do no damage.
Your hands burn!
* * * LOW HITPOINT WARNING * * *
The scorpion misses you. The jelly hits you.
You are splashed with acid!
* * * LOW HITPOINT WARNING * * *
You hit the scorpion.
The scorpion is moderately wounded.
You hit the jelly.
Your hands burn!
The scorpion closely misses you. The jelly hits you but does no damage.
The scorpion stings you but does no damage.
You closely miss the scorpion.
The scorpion is moderately wounded.
You hit the jelly.
Your hands burn!
The scorpion misses you. The jelly barely misses you.
You closely miss the scorpion.
The scorpion is moderately wounded.
You hit the jelly.
Your hands burn!
You die...

#.#.# * * #.#.# ,, .
,, *.# * , .##.#.#
*#. * .# * .....<#
#.#####.#,* ###.###
#.!.....# * * #.#
....... #.#
#######....#* # ,
#.## #rrr..##.J.##.#
*
#..########.##@....#
,,
##.##^#####'##s.##.#
*
#.##.......##..##.#..
#.##..._...##.....<..
,
#.###.†...##.####....
, #.####...###.####
.#.
#...............#, #
############.##.# ,
#.#*.# *


You could see a scorpion and a jelly.

Vanquished Creatures
  A howler monkey (D:4)
  6 adders
  A dart slug (D:1)
  2 orcs
  2 endoplasms (D:2)
  3 giant cockroaches
  4 goblins
  3 hobgoblins
  A ball python (D:2)
  A bat (D:3)
  2 rats
26 creatures vanquished.

Notes
Turn   | Place    | Note
-------+----------+-------------------------------------------
     0 | D:1      | lucidbluej the Deep Dwarf Berserker began the quest for the
                  | Orb.
     0 | D:1      | Reached XP level 1. HP: 20/20 MP: 1/1
   109 | D:2      | Reached XP level 2. HP: 24/27 MP: 2/2
   194 | D:2      | Reached XP level 3. HP: 26/34 MP: 3/3
   244 | D:2      | Reached skill level 4 in Axes
   448 | D:3      | Reached ** piety under Trog
   449 | D:3      | Reached XP level 4. HP: 27/42 MP: 0/4
   674 | D:5      | Entered Level 5 of the Dungeon
   693 | D:5      | Found a bloodstained altar of Trog.
   735 | D:5      | Noticed a scorpion
   742 | D:5      | HP: 1/43 [acid (7)]
   745 | D:5      | Splashed by a jelly's acid

Illustrated notes

Levels and vault maps discovered:
D:1:      amcnicky_arrival_gap_in_the_tavern_cellar, layout_loops_ring
D:2:      layout_basic, st_stairs_6
D:3:      minmay_roachtagon, layout_basic, chequers_ecumenical_altar_grove,
          serial_shops, nicolae_shop_waterfront, ebering_ghost_rock_garden,
          kennysheep_generic_room_9, uniq_robin
D:4:      layout_loops_corners, serial_shops, nicolae_lakefront_shop,
          enter_ossuary_5, dreamdust_princess_bridge
D:5:      layout_loops_cross, trog_butcher_becter,
          nicolae_qazlal_scattered_showers

Skill      XL: |  1  2  3 |
---------------+----------+-----
Fighting       | 3 |  3.6
Axes           | 4 |  4.6
Armour         | |  2.5
Dodging        | |  2.8
Stealth        | |  0.8

Action                   |  1- 3 |  4- 6 || total
-------------------------+-------+-------++-------
Melee: Hand axe          |    58 |    29 ||    87
  Use: Scroll            |     1 |     2 ||     3
Armor: Animal skin       |     9 |     4 ||    13
Dodge: Dodged            |    46 |    28 ||    74

Table legend: (Time is in decaauts)
 A = Elapsed time spent in this place.
 B = Non-inter-level travel time spent in this place.
 C = Inter-level travel time spent in this place.
 D = Time resting spent in this place.
 E = Time spent auto-exploring this place.
 F = Levels seen in this place.
 G = Mean time per level.
                   A        B        C        D        E       F      G
               +--------+--------+--------+--------+--------+-----+--------+
         Total |    753 |    677 |     76 |      0 |     38 |   5 |  150.6 |
       Dungeon |    753 |    677 |     76 |      0 |     38 |   5 |  150.6 |
               +--------+--------+--------+--------+--------+-----+--------+

Top non-repeatable levels by time:
     D:2: 273 daAuts
     D:4: 175 daAuts
     D:3: 129 daAuts
     D:1: 103 daAuts
     D:5: 71 daAuts
